Map: Acid Plant LE

Players

Trap

  • Race: Protoss Protoss
  • League: Master
  • Spawn Location: 5:00

Serral - Winner!

  • Race: Zerg Zerg
  • League: Master
  • Spawn Location: 11:00

Event: HomeStory Cup XVIII

VOD

Have the link to the VOD?

Description

Time

  • Played on: Nov. 23, 2018, 8:40 a.m.
  • Length: 9:22

All games in this series

Show
View Real Time Build Order
Export as new Build Order

Trap Protoss 

Build Orders: 1 Gate Expand, Oracle Opening, Phoenix Opening, Archon Immortal, Archon Drop 

Get SALT Encoding   

  12  0:00  Probe  
  13  0:12  Probe  
  14  0:17  Pylon  
  14  0:24  Probe  
  15  0:32  Probe  
  15  0:40  Gateway, Probe  
  16  0:49  Assimilator  
  17  0:51  Probe  
  18  1:03  Probe  
  19  1:15  Probe  
  20  1:23  Nexus  
  20  1:34  Cybernetics Core  
  20  1:36  Probe  
  21  1:44  Assimilator  
  21  1:49  Probe  
  22  1:54  Pylon  
  22  2:00  Probe  
  23  2:09  Probe  
  23  2:12  Adept  
  26  2:16  Stargate  
  26  2:17  Probe  
  27  2:26  Warp Gate  
  27  2:27  Probe  
  28  2:32  Probe  
  29  2:39  Adept, Probe  
  29  2:40  Probe  
  33  2:51  Probe x2  
  33  2:52  Phoenix  
  35  3:03  Probe  
  35  3:04  Pylon  
  35  3:05  Oracle, Probe  
  39  3:15  Probe  
  39  3:17  Probe  
  44  3:27  Gateway  
  44  3:28  Probe  
  44  3:29  Probe  
  44  3:34  Assimilator  
  45  3:40  Probe  
  46  3:41  Probe  
  46  3:42  Robotics Facility  
  46  3:46  Assimilator  
  47  3:49  Pylon  
  47  3:52  Probe  
  47  3:53  Probe  
  49  3:58  Twilight Council  
  49  4:04  Probe  
  49  4:05  Probe  
  51  4:16  Probe  
  52  4:17  Probe  
  52  4:19  Warp Prism, Gateway  
  52  4:22  Gateway  
  53  4:31  Zealot x2  
  57  4:36  Templar Archives  
  59  4:41  Pylon  
  59  4:43  Probe x2  
  61  4:55  Charge, Probe  
  63  5:02  Pylon  
  62  5:09  Nexus  
  62  5:11  Pylon  
  62  5:17  High Templar x3  
  62  5:21  High Templar, Probe x2  
  70  5:25  Archon  
  70  5:26  Forge, Archon  
  72  5:31  Robotics Facility  
  72  5:33  Probe  
  72  5:34  Probe  
  74  5:42  Observer  
  74  5:47  Probe x2  
  77  5:57  Pylon  
  77  6:00  Pylon  
  77  6:01  Protoss Ground Weapons Level 1  
  77  6:02  Zealot x3  
  77  6:03  Zealot  
  85  6:05  Probe  
  85  6:08  Immortal  
  85  6:10  Pylon  
  86  6:15  Probe  
  86  6:18  Probe  
  92  6:20  Immortal  
  92  6:22  Pylon  
  92  6:27  Probe  
  97  6:35  Probe x2  
  97  6:39  Probe  
  100  6:44  Immortal  
  100  6:47  Pylon, Probe x2, Assimilator  
  100  6:49  Sentry, Assimilator  
  100  6:50  Sentry  
  110  7:00  Probe  
  110  7:01  Probe x2  
  113  7:05  Immortal  
  113  7:07  Photon Cannon x2  
  113  7:13  Immortal  
  117  7:17  Probe  
  117  7:18  Probe x2  
  114  7:27  Robotics Bay  
  118  7:30  Pylon  
  118  7:32  Probe  
  118  7:33  Pylon  
  118  7:34  Probe  
  120  7:43  Immortal  
  120  7:44  Immortal  
  120  7:47  Gateway x2, Photon Cannon  
  128  8:02  Shield Battery, Photon Cannon  
  126  8:10  Zealot x3  
  126  8:11  Zealot  
  132  8:23  Disruptor  
  132  8:24  Disruptor  
  136  8:27  Pylon  
  136  8:33  Zealot x4  
  127  8:48  Zealot x2  
  115  8:59  Zealot x4  
  112  9:09  Zealot  
Show
View Real Time Build Order
Export as new Build Order

Serral Zerg - Winner!

Build Orders: Hatch First, Roach Hydra 

Get SALT Encoding   

  12  0:00  Drone  
  13  0:12  Overlord  
  13  0:17  Drone  
  14  0:30  Drone x2  
  16  0:48  Hatchery  
  15  0:51  Drone  
  15  0:55  Drone  
  17  0:58  Drone  
  18  1:10  Extractor  
  17  1:14  Spawning Pool  
  17  1:17  Drone  
  17  1:20  Drone  
  18  1:28  Drone  
  19  1:39  Drone  
  20  1:49  Overlord  
  20  2:01  Queen x2  
  20  2:02  Zergling x4  
  26  2:09  Metabolic Boost  
  26  2:10  Drone  
  26  2:13  Drone  
  28  2:21  Drone x2  
  30  2:32  Drone x2  
  32  2:44  Hatchery  
  32  2:47  Overlord  
  31  2:52  Queen  
  31  2:55  Drone  
  31  2:58  Drone  
  35  3:00  Drone  
  36  3:07  Overlord  
  36  3:08  Drone x2  
  36  3:10  Drone  
  39  3:13  Drone  
  39  3:16  Drone  
  41  3:22  Drone x3  
  41  3:24  Overlord  
  44  3:28  Overlord  
  44  3:33  Queen  
  46  3:36  Overlord  
  46  3:43  Drone x3  
  46  3:44  Drone  
  50  3:49  Drone, Spore Crawler  
  50  3:52  Drone  
  50  3:55  Drone  
  52  3:56  Queen  
  52  3:59  Spore Crawler  
  53  4:02  Overlord  
  53  4:04  Drone  
  53  4:05  Drone  
  53  4:07  Drone  
  53  4:09  Drone  
  57  4:13  Drone x2  
  57  4:15  Drone  
  57  4:22  Lair  
  57  4:24  Extractor x2, Drone  
  56  4:32  Drone x2, Roach Warren  
  56  4:37  Drone  
  58  4:39  Drone, Zergling x2  
  58  4:40  Drone  
  58  4:41  Drone  
  58  4:42  Drone  
  58  4:43  Drone  
  64  4:48  Spore Crawler  
  64  4:49  Drone x3  
  64  4:51  Drone x3  
  68  4:54  Overlord  
  68  4:55  Drone  
  68  4:58  Drone  
  68  4:59  Drone  
  71  5:03  Extractor, Drone  
  71  5:10  Overlord  
  71  5:13  Roach x2  
  75  5:15  Roach x2  
  75  5:16  Roach  
  75  5:19  Roach x2  
  75  5:20  Roach  
  87  5:21  Glial Reconstitution  
  87  5:24  Evolution Chamber  
  87  5:28  Roach x2  
  90  5:34  Drone x2  
  92  5:36  Roach  
  92  5:37  Overlord  
  92  5:39  Roach  
  92  5:40  Drone x2  
  98  5:48  Hatchery  
  97  5:50  Drone  
  97  5:54  Zerg Missile Weapons Level 1, Overlord x2  
  98  5:57  Overlord  
  98  5:59  Overlord  
  98  6:03  Drone x3  
  98  6:04  Drone x2  
  103  6:06  Extractor  
  103  6:08  Hydralisk Den  
  103  6:10  Extractor  
  100  6:12  Roach x2  
  104  6:20  Roach x2  
  104  6:21  Drone  
  104  6:22  Drone  
  104  6:23  Drone x3, Hatchery  
  104  6:24  Roach  
  112  6:33  Queen  
  112  6:36  Overlord  
  112  6:39  Pneumatized Carapace  
  114  6:40  Overlord  
  114  6:41  Muscular Augments  
  114  6:46  Hydralisk x5  
  120  6:52  Overseer  
  124  6:56  Hydralisk x4  
  132  7:04  Hydralisk x3  
  132  7:06  Overlord  
  138  7:08  Overlord  
  137  7:16  Hydralisk  
  137  7:17  Hydralisk x3  
  144  7:32  Overlord  
  144  7:40  Hydralisk  
  144  7:41  Hydralisk, Roach  
  144  7:42  Roach x4  
  158  7:48  Roach  
  158  7:49  Roach x3  
  166  7:52  Grooved Spines  
  166  7:53  Overlord  
  166  7:54  Overlord  
  166  7:58  Roach x5  
  175  8:06  Hydralisk  
  177  8:17  Hydralisk x6  
  189  8:27  Zergling x2  
  189  8:28  Zergling x18  
  195  8:43  Hydralisk x2  
  191  8:52  Overlord  
  175  8:56  Hydralisk  
  175  8:57  Hydralisk x5  
  175  8:59  Overlord  
Tags
 
Add a new tag
Caveats
  • Supply blocks, unpowered buildings, or Contaminate may cause inaccurate times.
  • Supply counts are checked every 10 seconds.